 Dungeon Crawl Stone Soup version 0.29.1-15-g9cfb28693d (webtiles) character file.

Game seed: 7369813793232443906

1 Djinni the Caller (level 1, 0/14 HPs)
             Began as a Ghoul Summoner on May 2, 2023.
             Slain by a jackal (2 damage)
             ... on level 1 of the Dungeon.
             The game lasted 00:01:03 (64 turns).

Djinni the Caller (Ghoul Summoner)                    Turns: 64, Time: 00:01:04

Health: 0/14       AC:  2    Str: 11    XL:     1   Next: 20%
Magic:  0/2        EV: 12    Int: 10    God:
Gold:   10         SH:  0    Dex:  9    Spells: 2/3 levels left

rFire   . . .      SeeInvis .   (no weapon)
rCold   + . .      Faith    .   (no shield)
rNeg    + + +      Spirit   .   a - +0 robe
rPois   ∞          Reflect  .   (no helmet)
rElec   .          Harm     .   (no cloak)
rCorr   .          Rampage  .   (no gloves)
Will    .....                   (no boots)
Stlth   ++........              (no amulet)
HPRegen 0.00/turn               (no ring)
MPRegen 0.08/turn               (no ring)

@: inhibited regen
A: claws 1, cold resistance 1, negative energy resistance 3, inhibited
regeneration, torment resistance 2, devour on kill
a: no special abilities


You were on level 1 of the Dungeon.
You visited 1 branch of the dungeon, and saw 1 of its levels.

You collected 10 gold pieces.

Inventory:

Armour
 a - a +0 robe (worn)
Scrolls
 c - a scroll of silence {unknown}
Potions
 b - a potion of magic


   Skills:
 * Level 0.1 Fighting
 * Level 1.7 Dodging
 + Level 2.2 Stealth
 * Level 0.0 Unarmed Combat
 * Level 1.7 Spellcasting
 * Level 3.6 Summonings
 + Level 0.0 Invocations


You had 2 spell levels left.
You knew the following spells:

 Your Spells              Type           Power      Damage    Failure   Level
a - Summon Small Mammal   Summ           32%        N/A       8%          1

Your spell library contained the following spells:

 Spells                   Type           Power      Damage    Failure   Level
 Call Imp                 Summ           8%         N/A       11%         2
 Call Canine Familiar     Summ           8%         N/A       22%         3
 Summon Guardian Golem    Hex/Summ       4%         N/A       41%         3
 Summon Lightning Spire   Summ/Air       4%         N/A       83%         4


Dungeon Overview and Level Annotations

Branches:
Dungeon (1/15)

Altars:


Innate Abilities, Weirdness & Mutations

You are immune to poison.
You have sharp fingernails.
Your flesh is cold resistant. (rC+)
You are immune to negative energy. (rN+++)
You do not regenerate when monsters are visible.
You are immune to unholy pain and torment.
You thrive by killing the living.


Message History

The jackal bites you.
Your rat closely misses the bat.
The bat hits your rat.
You scratch the jackal but do no damage.
The jackal is severely wounded.
The bat barely misses your rat.
Your bat barely misses the bat.
The jackal bites you. x3
* * * LOW HITPOINT WARNING * * *
The jackal closely misses you.
Your rat barely misses the bat.
The jackal bites you.
* * * LOW HITPOINT WARNING * * *
The jackal closely misses you.
You scratch the jackal.
You kill the jackal!
You feel better.
The bat hits your rat but does no damage.
The bat barely misses you. The jackal closely misses you.
The jackal completely misses you.
Your rat barely misses the bat.
Unknown command.
Unknown command.
You scratch the bat but do no damage.
The bat is moderately wounded.
The bat barely misses you.
Your bat hits the bat. The jackal barely misses you. The jackal misses you.
Your rat barely misses the bat.
The bat barely misses your rat. The jackal attacks as you move away!
The jackal bites you.
* * * LOW HITPOINT WARNING * * *
The jackal attacks as you move away!
The jackal bites you but does no damage.
Your bat closely misses the bat.
The jackal bites your rat.
Your rat dies!
Your rat's corpse disappears in a puff of smoke!
The bat hits you but does no damage. The jackal barely misses your bat.
The jackal misses you.
You scratch the jackal.
The jackal is severely wounded.
The bat hits you.
* * * LOW HITPOINT WARNING * * *
Your bat closely misses the bat.
The bat hits your bat but does no damage.
Your bat barely misses the bat.
The jackal bites you.
You die...

###### #....#
##'##'#########+#
#......##........
#...b..##.#......
#....bhhhS'......
#.....@##.#......
##......##.#
..#+#
.........##.# ##
##.......##..
.........####
#########..#
###.........#
#≈≈.........#
#≈≈...<....##


You could see 3 jackals, a bat (ally target), a ball python and a friendly bat
(summoned).

Vanquished Creatures
  A jackal (D:1)
1 creature vanquished.

Notes
Turn   | Place    | Note
-------+----------+-------------------------------------------
     0 | D:1      | Djinni the Ghoul Summoner began the quest for the Orb.
     0 | D:1      | Reached XP level 1. HP: 14/14 MP: 2/2
    64 | D:1      | Slain by a jackal

Illustrated notes

Levels and vault maps discovered:
D:1:      dpeg_arrival_pond, layout_basic, minmay_tetromino_o4

Action                   || total
-------------------------++-------
Melee: Unarmed           ||     8
 Cast: Summon Small Mamm ||     2
Armor: Robe              ||     8
Dodge: Dodged            ||    18
